 Dungeon Crawl Stone Soup version 0.17-a0-1880-gacf7e67 (webtiles) character file.

112554 derrpe the Basher (level 16, -1/174 HPs)
             Began as an Ogre Wizard on Sept 19, 2015.
             Was the Champion of Kikubaaqudgha.
             Slain by a white ugly thing (21 damage)
             ... on level 14 of the Dungeon on Sept 22, 2015.
             The game lasted 03:45:55 (56128 turns).

derrpe the Basher (Ogre Wizard)                    Turns: 56128, Time: 03:45:55

Health: -1/174     AC: 22    Str: 16    XL:     16   Next: 60%
Magic:  0/30       EV: 12    Int: 22    God:    Kikubaaqudgha [******]
Gold:   1492       SH:  0    Dex:  8    Spells: 10 memorised, 3 levels left

rFire  . . .     SeeInvis .     a - +2 dire flail (protect)
rCold  . . .     Clarity  .     T - +3 steam dragon armour
rNeg   . . .     SustAt   .     (no shield)
rPois  +         Gourm    +     t - +1 hat
rElec  .         Spirit   .     S - +2 cloak {+Inv}
rCorr  .         Warding  .     (gloves unavailable)
rMut   .         Stasis   .     (boots unavailable)
MR     ++...                    r - amulet of the gourmand
Stlth  +.........               I - +4 ring of protection
                                Q - ring of poison resistance

@: repel missiles, heavily drained, very resistant to hostile enchantments, very
unstealthy
A: unfitting armour, magic resistance 1, tough skin 1
a: Receive Corpses, Torment, Brand Weapon With Pain, Receive Necronomicon,
Renounce Religion, Evoke Invisibility


You were on level 14 of the Dungeon.
You worshipped Kikubaaqudgha.
Kikubaaqudgha was exalted by your worship.
You were very full.

You visited 4 branches of the dungeon, and saw 27 of its levels.
You also visited: Labyrinth.

You collected 3048 gold pieces.
You spent 1496 gold pieces at shops.

Inventory:

Hand weapons
 a - a +2 dire flail of protection (weapon)
 b - a +3 giant spiked club
Missiles
 N - 20 large rocks (quivered)
Armour
 t - a +1 hat (worn)
 S - a +2 cloak of invisibility (worn)
 T - a +3 steam dragon armour (worn)
Magical staves
 V - an uncursed staff of energy {@w1}
Rods
 l - a +9 rod of clouds (13/13)
   (You found it in a labyrinth)
 O - a +4 rod of ignition (11/11)
   (You found it in a labyrinth)
 U - a +0 rod of inaccuracy (12/12)
   (You found it on level 8 of the Lair of Beasts)
 Z - a +4 rod of shadows (13/13)
   (You found it in a labyrinth)
Jewellery
 h - an uncursed ring of wizardry
 r - an amulet of the gourmand (around neck)
 y - an uncursed ring of protection from fire
 A - an uncursed amulet of resist mutation
 I - a +4 ring of protection (right hand)
 J - an uncursed ring of see invisible
 Q - a ring of poison resistance (left hand)
Magical devices
 o - a wand of digging (22)
 F - a wand of heal wounds (9)
Scrolls
 e - 8 scrolls of remove curse
 i - a scroll of torment
 k - 3 scrolls of identify
 n - 3 scrolls of magic mapping
 p - 5 scrolls of teleportation
 x - 7 scrolls of blinking
 E - a scroll of holy word
 P - 7 scrolls of amnesia
 Y - a scroll of silence
Potions
 f - 2 potions of cure mutation
 j - 2 potions of heal wounds
 m - 2 potions of brilliance
 v - 9 potions of curing
 w - a potion of haste
 H - a potion of magic
 K - 4 potions of flight
 R - 2 potions of cancellation
 X - a potion of invisibility
Books
 q - Kikubaaqudgha's Papyrus of Necromancy
   (Kikubaaqudgha gifted it to you on level 3 of the Lair of Beasts)

   Spells                             Type                      Level
   a - Animate Dead                   Necromancy                   4
   b - Excruciating Wounds            Charms/Necromancy            5
   c - Bolt of Draining               Conjuration/Necromancy       5
   d - Cigotuvi's Embrace             Necromancy                   5
   e - Dispel Undead                  Necromancy                   5
 u - a book of the Sky

   Spells                             Type                      Level
   a - Summon Lightning Spire         Summoning/Air                4
   b - Airstrike                      Air                          4
   c - Silence                        Hexes/Air                    5
   d - Deflect Missiles               Charms/Air                   6
   e - Conjure Ball Lightning         Conjuration/Air              6
   f - Tornado                        Air                          9
 C - a book of Enchantments

   Spells                             Type                      Level
   a - Cause Fear                     Hexes                        4
   b - Silence                        Hexes/Air                    5
   c - Deflect Missiles               Charms/Air                   6
   d - Haste                          Charms                       6
   e - Discord                        Hexes                        8
 D - a book of Frost

   Spells                             Type                      Level
   a - Freeze                         Ice                          1
   b - Throw Frost                    Conjuration/Ice              2
   c - Ozocubu's Armour               Charms/Ice                   3
   d - Throw Icicle                   Conjuration/Ice              4
   e - Summon Ice Beast               Ice/Summoning                4
   f - Condensation Shield            Ice                          4
Miscellaneous
 c - an ornate deck of wonders {Wild Magic}
 s - a plain deck of wonders {drawn: 4}
 W - a crystal ball of energy
Comestibles
 d - 16 bread rations {@e1}
 g - 6 beef jerkies
 z - 3 slices of pizza
 B - 17 meat rations {@e2}
 M - a fruit


   Skills:
 + Level 14.4(11.8) Fighting
 + Level 14.5(12.0) Maces & Flails
 + Level 10.6(8.2) Dodging
 - Level 1.5(0.0) Stealth
 + Level 10.2(7.9) Spellcasting
 - Level 8.0(5.8) Conjurations
   Level 0.6(0.0) Summonings
 * Level 11.1(8.7) Necromancy
 - Level 3.0(1.1) Translocations
 * Level 7.5(5.3) Air Magic


You had 3 spell levels left.
You knew the following spells:

 Your Spells              Type           Power        Failure   Level  Hunger
a - Ozocubu's Armour      Chrm/Ice       #.......     28%         3    None
b - Blink                 Tloc           N/A          10%         2    None
c - Repel Missiles        Chrm/Air       ###...       4%          2    None
d - Mephitic Cloud        Conj/Pois/Air  ####....     6%          3    None
e - Conjure Flame         Conj/Fire      ###.....     10%         3    None
f - Vampiric Draining     Necr           #####.....   1%          3    None
g - Dispel Undead         Necr           #####...     8%          5    #####..
h - Bolt of Draining      Conj/Necr      #####.....   12%         5    #####..
m - Sublimation of Blood  Necr           #####.....   1%          2    None
A - Animate Dead          Necr           N/A          1%          4    ###....


Dungeon Overview and Level Annotations

Branches:
Dungeon (14/15)            Temple (1/1) D:7            Lair (8/8) D:10
  Swamp (0/4) Lair:6        Snake (0/4) Lair:3        Slime (0/6) Lair:7
    Orc (4/4) D:12            Elf (0/3) Orc:4        Vaults (0/5) D:13

Altars:
Ashenzari
Cheibriados
Dithmenos
Elyvilon
Fedhas
Gozag
Kikubaaqudgha
Makhleb
Nemelex Xobeh
Okawaru
Qazlal
Ru
Sif Muna
Trog
Vehumet
Xom
Yredelemnul
Zin
The Shining One
Beogh
Jiyva

Shops:
D:4 [   D:5 :*%==   Orc:4 *([=

Annotations:
D:14 Urug


Innate Abilities, Weirdness & Mutations

You are too large for most types of armour.
You have tough skin (AC +1).
You are resistant to hostile enchantments.


Message History

The white ugly thing headbutts you but does no damage.
Unknown command.
Casting: Vampiric Draining
Confirm with . or Enter, or press ? or * to list all spells.
You don't have enough magic to cast that spell.
Unknown command.
You barely miss the white ugly thing.
The white ugly thing is severely wounded.
The white ugly thing headbutts you.
* * * LOW HITPOINT WARNING * * *
The white ugly thing freezes you!!
* * * LOW HITPOINT WARNING * * *
Read which item? (? for menu, Esc to quit)
Okay, then.
Drink which item? (? for menu, Esc to quit)
You feel much better. The white ugly thing headbutts you.
* * * LOW HITPOINT WARNING * * *
The white ugly thing freezes you!!
You die...
Kikubaaqudgha rasps: "You have failed me!
Welcome... death!"

#.............>.......#
#.....................#
#.......#####u........#
#.......#...#.........#########
#.......#...#####.............##
#...%..##.......#...............
#..(...#........#...............
#......#........u....######.....
#.†(...#.......@#....# #.....
#......#........#....# #.....
#......#.########....# #)....
#Z....u'.#...........######..###
#.u....# +...................#..
#......# #..............######..
#....... ...............#.......
....############.......
....#..................


You could see a white ugly thing.

Vanquished Creatures
  Gastronok (Lair:3)
  Kirke (Lair:6)
  Maud (Orc:4)
  An orc warlord (Orc:4)
  A dire elephant (Lair:7)
  Fannar (Lair:1)
  A naga warrior (Lair:3)
  Erica (Lair:1)
  7 hydras
  A centaur warrior (D:13)
  2 orc high priests
  A queen ant (Lair:3)
  4 unseen horrors
  4 orc knights
  14 ugly things
  5 cyclopes
  5 hill giants
  3 orc sorcerers
  A griffon (Lair:8)
  3 manticores
  15 elephants
  7 black mambas
  Joseph (Lair:1)
  A torpor snail (Lair:6)
  Psyche (D:11)
  14 komodo dragons
  3 gargoyles
  6 fire drakes
  22 spiny frogs
  6 trolls
  A merfolk (D:4)
  2 polar bears
  2 giant leeches (Lair:8)
  9 slime creatures
  3 two-headed ogres
  A minotaur skeleton (Lab)
  A shadow (D:11)
  34 blink frogs
  2 deep elf magi
  A wraith (D:13)
  A vampire (D:11)
  3 basilisks
  15 hippogriffs
  2 hogs
  5 hungry ghosts
  A steam dragon (Lair:6)
  10 wyverns
  4 wargs
  12 wolves
  78 yaks
  2 mottled dragons
  21 water moccasins
  A hell hound (Lair:6)
  8 ice beasts
  10 soldier ants (Lair:3)
  5 nagas (Lair:3)
  15 porcupines
  29 orc warriors
  10 vampire mosquitoes
  A black bear (D:11)
  11 ogres
  3 sky beasts
  2 eyes of draining
  4 phantoms
  9 centaurs
  3 big kobolds
  22 crocodiles
  A necrophage (D:11)
  A brain worm (Lair:8)
  35 giant frogs
  2 gnoll sergeants (D:6)
  5 scorpions
  A wyvern skeleton (D:13)
  13 killer bees
  9 wights
  A wasp zombie (D:10)
  8 crimson imps
  2 centaur zombies
  A quasit (D:11)
  An electric eel (Lair:5)
  2 giant frog zombies
  3 centaur skeletons
  6 giant frog skeletons
  14 hounds
  Crazy Yiuf (D:4)
  21 orc priests
  Ijyb (D:2)
  5 jellies
  27 orc wizards
  A gnoll shaman (D:6)
  6 hell rats (Lair:5)
  41 worker ants
  14 iguanas
  A killer bee zombie (D:11)
  19 sheep
  A hound zombie (D:9)
  2 worker ant zombies
  16 gnolls
  3 shadow imps
  28 adders
  34 river rats
  An ooze (D:6)
  3 adder skeletons
  An adder zombie (D:6)
  4 worms
  14 giant geckos
  173 orcs
  A ball python (D:4)
  7 giant cockroaches
  33 goblins
  34 hobgoblins
  4 jackals
  5 quokkas
  10 bats
  A giant gecko skeleton (D:4)
  10 giant newts
  18 kobolds
  A quokka skeleton (D:8)
  18 rats
  A fungus (Lair:5)
  2 plants (D:6)
1144 creatures vanquished.

Vanquished Creatures (collateral kills)
  An ettin (Orc:3)
  2 hydras
  A tengu warrior (D:13)
  A swamp dragon (shapeshifter) (D:14)
  A hill giant (D:11)
  An orc sorcerer (Orc:4)
  2 ugly things (D:13)
  2 griffons (Lair:6)
  3 elephants (Lair:7)
  2 centaur skeletons
  A black mamba (Lair:8)
  3 spiny frogs
  A komodo dragon (Lair:8)
  A troll (D:11)
  A giant leech (Lair:8)
  7 blink frogs
  A shadow (D:11)
  3 wyverns
  13 yaks
  2 hippogriffs
  A hungry ghost (D:13)
  A vampire mosquito (Lair:8)
  2 soldier ants (Lair:3)
  A warg (Orc:3)
  2 porcupines
  A hell hound (Lair:6)
  2 water moccasins
  A phantom (D:11)
  2 ogres
  3 centaurs
  9 crocodiles
  7 giant frogs
  A wyvern skeleton (D:11)
  2 electric eels (Lair:8)
  2 iguanas
  9 worker ants
  7 sheep
  12 river rats
  A giant gecko (Lair:5)
  5 orcs
  A fungus (Lair:8)
  6 plants
127 creatures vanquished.

Vanquished Creatures (others)
  A minotaur (Lab)
  A blink frog (Lair:8)
  4 humans
  4 soldier ants (Lair:3)
  An orc warrior (Orc:4)
  A giant frog (Lair:3)
  An orc priest (Orc:4)
  An iguana (Lair:5)
  2 orcs
  A hobgoblin (D:3)
  A giant newt (Lair:5)
  2 goblins (D:3)
  59 fungi
  75 plants
154 creatures vanquished.

Grand Total: 1425 creatures vanquished

Notes
Turn   | Place    | Note
--------------------------------------------------------------
     0 | D:1      | derrpe the Ogre Wizard began the quest for the Orb.
     0 | D:1      | Reached XP level 1. HP: 16/16 MP: 5/5
    62 | D:1      | Reached skill level 1 in Conjurations
   215 | D:1      | Reached XP level 2. HP: 21/24 MP: 3/6
   681 | D:1      | You fall through a shaft!
   760 | D:2      | Reached XP level 3. HP: 14/31 MP: 0/8
  1115 | D:2      | Noticed Ijyb
  1137 | D:2      | Killed Ijyb
  1137 | D:2      | Reached XP level 4. HP: 25/39 MP: 0/9
  2423 | D:3      | Reached XP level 5. HP: 45/45 MP: 6/10
  2435 | D:3      | Learned a level 2 spell: Blink
  2438 | D:3      | Learned a level 2 spell: Repel Missiles
  2442 | D:3      | Learned a level 3 spell: Mephitic Cloud
  2604 | D:3      | Learned a level 3 spell: Conjure Flame
  3021 | D:3      | Reached skill level 4 in Conjurations
  3595 | D:3      | Reached XP level 6. HP: 42/53 MP: 7/11
  4287 | D:3      | Reached skill level 1 in Air Magic
  5832 | D:4      | Reached XP level 7. HP: 37/59 MP: 4/12
  5946 | D:4      | Found Benovomee's Armour Emporium.
  6374 | D:4      | Reached skill level 1 in Translocations
  6429 | D:4      | Found a sparkling altar of Nemelex Xobeh.
  6437 | D:4      | Noticed Foelaul
  7241 | D:4      | Reached skill level 1 in Fighting
  7241 | D:4      | Reached XP level 8. HP: 54/70 MP: 9/13
  7320 | D:5      | Entered Level 5 of the Dungeon
  7500 | D:5      | Found Jar Egy's Food Boutique.
  7585 | D:4      | Bought the +2 robe "Yschacoar" {Str+5} for 310 gold pieces
  7609 | D:5      | Found Pyadeash's Jewellery Shoppe.
  7628 | D:5      | Found Jucis's Assorted Antiques.
  7907 | D:5      | Found Ceamesch's Jewellery Shop.
  7996 | D:5      | Reached skill level 1 in Maces & Flails
  8311 | D:5      | Found Docisyih's Book Shop.
  8869 | D:5      | Reached skill level 5 in Conjurations
  9043 | D:6      | Noticed a two-headed ogre
  9058 | D:6      | Killed a two-headed ogre
  9136 | D:5      | Reached XP level 9. HP: 62/84 MP: 6/16
  9359 | D:6      | Reached skill level 5 in Spellcasting
 10210 | D:6      | Reached skill level 5 in Fighting
 10392 | D:6      | Reached skill level 6 in Conjurations
 10900 | D:6      | Reached skill level 5 in Maces & Flails
 11638 | D:6      | Reached XP level 10. HP: 98/98 MP: 9/17
 11837 | D:6      | Gained mutation: You are resistant to hostile enchantments. [potion of beneficial mutation]
 12694 | D:7      | Reached skill level 7 in Conjurations
 13075 | D:7      | Found a blossoming altar of Fedhas.
 13321 | D:7      | Found a staircase to the Ecumenical Temple.
 13388 | D:7      | Found a stormy altar of Qazlal.
 13962 | D:8      | Reached skill level 5 in Dodging
 14197 | Temple   | Entered the Ecumenical Temple
 14785 | D:4      | Noticed Crazy Yiuf
 14793 | D:4      | Killed Crazy Yiuf
 14986 | D:4      | Killed Foelaul the merfolk
 15901 | Temple   | Became a worshipper of Kikubaaqudgha
 17677 | D:9      | Reached skill level 1 in Necromancy
 17999 | D:9      | Reached XP level 11. HP: 92/111 MP: 12/18
 18279 | D:9      | Reached skill level 8 in Conjurations
 18392 | D:9      | Found an iron altar of Okawaru.
 18395 | D:9      | Found a glowing golden altar of the Shining One.
 18503 | D:9      | Found a shattered altar of Ashenzari.
 18525 | D:10     | Entered Level 10 of the Dungeon
 18605 | D:10     | Noticed an unseen horror
 18730 | D:10     | Found a staircase to the Lair.
 18747 | D:10     | Acquired Kikubaaqudgha's first power
 18747 | D:10     | Received a gift from Kikubaaqudgha
 18763 | D:10     | Identified Kikubaaqudgha's Almanac of Necromancy (Kikubaaqudgha gifted it to you on level 10 of the Dungeon)
 18766 | D:10     | Learned a level 1 spell: Animate Skeleton
 18769 | D:10     | Learned a level 2 spell: Sublimation of Blood
 18854 | D:10     | Killed an unseen horror
 19002 | D:10     | Noticed an unseen horror
 19212 | D:9      | Found a radiant altar of Vehumet.
 19215 | D:9      | Found a burning altar of Makhleb.
 19339 | D:10     | Killed an unseen horror
 19768 | Lair:1   | Entered Level 1 of the Lair of Beasts
 19943 | Lair:1   | Noticed Erica
 19973 | Lair:1   | Killed Erica
 19973 | Lair:1   | Reached skill level 9 in Fighting
 19982 | Lair:1   | Acquired Kikubaaqudgha's second power
 20392 | Lair:1   | Noticed a six-headed hydra
 20399 | Lair:1   | Killed a six-headed hydra
 20400 | Lair:1   | Noticed Joseph
 20400 | Lair:1   | Noticed Fannar
 20729 | Lair:1   | Found a stormy altar of Qazlal.
 21188 | Lair:1   | Killed Joseph
 21389 | Lair:1   | Learned a level 3 spell: Vampiric Draining
 21511 | Lair:1   | Killed Fannar
 21511 | Lair:1   | Reached XP level 12. HP: 122/124 MP: 14/19
 22118 | Lair:2   | Reached skill level 5 in Necromancy
 22496 | Lair:2   | Noticed a four-headed hydra
 22636 | Lair:2   | Reached skill level 10 in Fighting
 23529 | Lair:2   | Killed a four-headed hydra
 23896 | Lair:2   | Noticed a six-headed hydra
 23924 | Lair:2   | Killed a six-headed hydra
 23924 | Lair:2   | Reached skill level 10 in Maces & Flails
 24498 | Lair:2   | Upgraded the game from 0.17-a0-1850-g688e747 to 0.17-a0-1863-g715b4b0
 24642 | Lair:3   | Noticed a naga warrior
 24642 | Lair:3   | Noticed Gastronok
 25451 | Lair:3   | Noticed a queen ant
 25486 | Lair:3   | Received a gift from Kikubaaqudgha
 25496 | Lair:3   | Killed a queen ant
 25500 | Lair:3   | Identified Kikubaaqudgha's Papyrus of Necromancy (Kikubaaqudgha gifted it to you on level 3 of the Lair of Beasts)
 25515 | Lair:3   | Killed Gastronok
 25518 | Lair:3   | Reached skill level 11 in Fighting
 25993 | Lair:3   | Reached XP level 13. HP: 129/137 MP: 17/20
 26906 | Lair:3   | Found a staircase to the Snake Pit.
 26949 | Lair:3   | Acquired Kikubaaqudgha's third power
 29118 | Lair:5   | Found a labyrinth entrance.
 29127 | Lab      | Entered a labyrinth
 29228 | Lab      | Found an exit through the horrors of the Abyss.
 29246 | Lab      | Reached skill level 12 in Fighting
 29317 | Lab      | Found an exit through the horrors of the Abyss.
 29530 | Lab      | Noticed a minotaur
 29885 | Lab      | Killed a minotaur
 30246 | Lab      | Identified a +9 rod of clouds (13/13) (You found it in a labyrinth)
 30247 | Lab      | Identified a +4 rod of shadows (10/10) (You found it in a labyrinth)
 30248 | Lab      | Identified a +4 rod of ignition (11/11) (You found it in a labyrinth)
 30249 | Lab      | Identified a +4 rod of shadows (13/13) (You found it in a labyrinth)
 30268 | Lab      | Learned a level 5 spell: Bolt of Draining
 30508 | Lair:5   | Acquired Kikubaaqudgha's fourth power
 31070 | Lair:5   | Upgraded the game from 0.17-a0-1863-g715b4b0 to 0.17-a0-1880-gacf7e67
 31559 | Lair:5   | Reached XP level 14. HP: 140/150 MP: 17/24
 32258 | Lair:6   | Noticed Kirke
 32267 | Lair:6   | Noticed a sphinx
 33615 | Lair:6   | Found a staircase to the Swamp.
 34451 | Lair:6   | Learned a level 5 spell: Dispel Undead
 34659 | Lair:6   | Killed Kirke
 34871 | Lair:6   | Your ally Kirke died
 35603 | Lair:7   | Reached skill level 13 in Fighting
 36780 | Lair:7   | Found a staircase to the Slime Pits.
 36780 | Lair:7   | Found a viscous altar of Jiyva.
 37450 | Lair:8   | Entered Level 8 of the Lair of Beasts
 38236 | Lair:7   | Reached XP level 15. HP: 72/161 MP: 2/27
 38549 | Lair:8   | Reached skill level 5 in Air Magic
 39922 | Lair:8   | Reached skill level 10 in Necromancy
 40566 | Lair:8   | Reached skill level 10 in Dodging
 40824 | Lair:8   | Learned a level 4 spell: Animate Dead
 41182 | Lair:8   | Identified a +0 rod of inaccuracy (12/12) (You found it on level 8 of the Lair of Beasts)
 41477 | Lair:3   | Killed a naga warrior
 42767 | D:11     | Noticed Psyche
 42820 | D:11     | Killed Psyche
 44355 | D:12     | Found a staircase to the Orcish Mines.
 45847 | D:13     | Reached skill level 14 in Maces & Flails
 45856 | D:13     | Found a gate to the Vaults.
 46179 | D:13     | Reached XP level 16. HP: 124/171 MP: 29/29
 47452 | D:5      | Bought a book of Frost for 525 gold pieces
 47457 | D:5      | Learned a level 3 spell: Ozocubu's Armour
 47667 | Orc:1    | Entered Level 1 of the Orcish Mines
 47757 | Orc:1    | Found a roughly hewn altar of Beogh.
 49784 | Orc:4    | Entered Level 4 of the Orcish Mines
 49784 | Orc:4    | Noticed Maud
 49805 | Orc:4    | Killed Maud
 49918 | Orc:4    | Found a staircase to the Elven Halls.
 49922 | Orc:4    | Found Beriatz's Antique Armour Emporium.
 51346 | Orc:4    | Found Areomil's Antique Weapon Boutique.
 51423 | Orc:4    | Bought a runed cloak for 121 gold pieces
 51551 | Orc:4    | Found Adabrept's Jewellery Emporium.
 52081 | Orc:4    | Found a burning altar of Makhleb.
 52688 | Orc:4    | Found Hyile's General Store.
 53437 | Orc:4    | Reached skill level 10 in Spellcasting
 53836 | Orc:4    | Bought a scroll of enchant armour for 135 gold pieces
 53836 | Orc:4    | Bought 3 scrolls of blinking for 405 gold pieces
 54445 | D:14     | Found an opulent altar of Gozag.
 55623 | D:14     | Found a sacrificial altar of Ru.
 56073 | D:14     | Noticed Urug
 56127 | D:14     | HP: 7/174 [white ugly thing (21)]
 56128 | D:14     | Slain by a white ugly thing

Vault maps used:
D:1:      erik_arrival_orb_chamber
D:2:      uniq_iyjb
D:3:      minmay_goblin_kobold_castle
D:4:      first_bread, serial_shops, shop, hangedman_abyss_or_decor_slice,
          nemelex_deck, uniq_crazy_yiuf_cottage
D:5:      serial_shops, nicolae_shop_trees, kennysheep_mini_moat, shop,
          shop_fountains, nicolae_shop_trees
D:6:      kennysheep_housing_project, minmay_misc_feat_room
D:7:      grunt_temple_overflow_forces_of_nature, minmay_temple_entry_metal_lava
D:9:      nicolae_overflow_hidden_temple
D:10:     minmay_lair_entry_lava
D:11:     cheibrodos_orc_bank, kennysheep_kite_vault, uniq_psyche
D:12:     orc_0_dummy
D:13:     david_vaults_1
D:14:     basic_altar, nicolae_ru_the_path_less_chosen, uniq_urug
Temple:   dpeg_five_rooms_temple_12
Lair:1:   basic_altar, wad_woods_river_01, uniq_joseph, uniq_erica, uniq_fannar
Lair:2:   hibernation_bobbens
Lair:3:   minmay_snake_entry_guardpost_large, zaba_anthell, uniq_gastronok
Lair:4:   serial_bayou_shore_a
Lair:5:   lemuel_reptile_caves, lab_entry_generic, st_stairs_13
Lair:6:   minmay_swamp_entry_swarm, minmay_holes, st_stairs_5, uniq_kirke
Lair:7:   beast_lair_carwin_large_2, slime_altar_1, serial_bayou_pond_b
Lair:8:   minmay_lair_end_frog_pond, serial_bayou_pond_c
Orc:1:    mines1_david
Orc:3:    nicolae_orc_pool_cavern, abandoned_shop
Orc:4:    grunt_orc_gardens, grunt_orc_garden, grunt_orc_garden,
          grunt_orc_garden, grunt_orc_garden, lightli_volcano_entry_magma_tube,
          bloody_makhleb, uniq_maud
Lab:      labyrinth_mini_lab, labyrinth_skeletal_remains, lab_block,
          nicolae_lab_grate_2, nicolae_lab_flowing_pool, nicolae_lab_x,
          nicolae_lab_hexagon, nicolae_lab_plus, nicolae_lab_starburst

Action                   |  1- 3 |  4- 6 |  7- 9 | 10-12 | 13-15 | 16-18 || total
-------------------------+-------+-------+-------+-------+-------+-------++-------
Melee: Unarmed           |    13 |       |       |       |     2 |       ||    15
       Club              |    22 |    15 |       |       |       |       ||    37
       Trident           |       |   189 |   210 |   335 |    23 |       ||   757
       Flail             |       |       |    76 |   538 |  1659 |       ||  2273
       Giant spiked club |       |       |     5 |    35 |   205 |       ||   245
       Staff             |       |       |       |       |     1 |       ||     1
       Dire flail        |       |       |       |       |   208 |   910 ||  1118
 Fire: Blowgun           |       |     8 |       |       |       |       ||     8
Throw: Javelin           |       |     6 |    14 |    11 |     9 |       ||    40
       Tomahawk          |       |     2 |    14 |       |       |       ||    16
       Stone             |       |       |       |     7 |       |       ||     7
       Large rock        |       |       |       |       |       |     4 ||     4
 Cast: Magic Dart        |    64 |   144 |   177 |   345 |    34 |       ||   764
       Mephitic Cloud    |       |     7 |    28 |    50 |    93 |     9 ||   187
       Repel Missiles    |       |     3 |     6 |     3 |     2 |     6 ||    20
       Conjure Flame     |       |     1 |    27 |    38 |    16 |       ||    82
       Blink             |       |       |     6 |     6 |     8 |     1 ||    21
       Animate Skeleton  |       |       |       |     6 |    94 |       ||   100
       Vampiric Draining |       |       |       |    20 |   202 |   118 ||   340
       Bolt of Draining  |       |       |       |       |    72 |    12 ||    84
       Sublimation of Bl |       |       |       |       |     4 |     1 ||     5
       Animate Dead      |       |       |       |       |    22 |    41 ||    63
       Dispel Undead     |       |       |       |       |     2 |       ||     2
       Ozocubu's Armour  |       |       |       |       |       |     2 ||     2
Invok: Receive Corpses   |       |       |       |       |       |     1 ||     1
Evoke: Deck              |       |       |     2 |       |     1 |     1 ||     4
       Wand              |       |       |       |     7 |     3 |       ||    10
       Staff of energy   |       |       |       |     6 |    25 |       ||    31
       Rod               |       |       |       |       |     7 |     2 ||     9
  Use: Scroll            |       |     4 |     1 |    19 |    27 |     5 ||    56
       Potion            |       |     2 |       |     6 |     7 |     3 ||    18
 Stab: Confused          |       |       |     2 |    15 |    31 |     6 ||    54
       Distracted        |       |       |       |     1 |     9 |     2 ||    12
       Sleeping          |       |       |       |     1 |     5 |     1 ||     7
  Eat: Chunk             |     1 |    24 |    23 |    54 |   112 |    47 ||   261
       Pizza             |       |       |       |       |     3 |       ||     3
       Fruit             |       |       |       |       |     2 |       ||     2
       Royal jelly       |       |       |       |       |     1 |       ||     1
